 Dungeon Sprint DCSS version 0.17-a0-802-g1f09329 (webtiles) character file.

7700000 namelastname112 the Grand Master (level 27, 0/249 HPs)
             Began as a Demonspawn Monk on Apr 26, 2015.
             Was the Champion of Makhleb.
             Killed from afar by a wretched soul (55 damage)
             ... with a bolt of negative energy
             ... in the Dungeon (Sprint VIII: "Arena of Blood").
             The game lasted 00:02:21 (77 turns).

namelastname112 the Grand Master (Demonspawn Monk)    Turns: 77, Time: 00:02:21

Health: 0/249      AC: 14    Str: 14    XL:     27
Magic:  0/54       EV: 36    Int: 13    God:    Makhleb [******]
Gold:   0          SH:  0    Dex: 22    Spells: 0 memorised, 80 levels left

rFire  . . .     SeeInvis .     i - +∞ Axe of Woe
rCold  + . .     Clarity  .     a - +0 robe
rNeg   + . .     SustAb   .     (no shield)
rPois  .         Gourm    .     (no helmet)
rElec  .         Spirit   +     (no cloak)
rCorr  .         Warding  .     (no gloves)
rMut   .         NoTele   +     (boots unavailable)
MR     ++...                    (no amulet)
Stlth  +++++++++.               (no ring)
                                (no ring)

@: drained, very resistant to hostile enchantments, incredibly stealthy
A: hooves 3, rough black scales 3, cold resistance 1, icemail, negative energy
resistance 1, 50% torment resistance, magic shield, magic regeneration, magic
link, black mark, freezing cloud immunity
a: Minor Destruction, Lesser Servant of Makhleb, Major Destruction, Greater
Servant of Makhleb, Renounce Religion


You were in the Dungeon.
You worshipped Makhleb.
Makhleb was exalted by your worship.
You were not hungry.

You visited 1 branch

Inventory:

Hand weapons
 i - the +∞ Axe of Woe (weapon)
   (You found it in the Dungeon)
Armour
 a - a +0 robe (worn)
Scrolls
 h - a scroll of blinking
Potions
 c - a potion of curing
 d - a potion of heal wounds
 e - a potion of haste
 f - 2 potions of magic
 g - a potion of berserk rage
Comestibles
 b - a bread ration


   Skills:
 O Level 27(26.2) Fighting
 O Level 27(26.2) Axes
 O Level 27(26.2) Throwing
 O Level 27(26.2) Armour
 O Level 27(26.2) Dodging
 O Level 27(26.2) Stealth
 O Level 27(26.2) Unarmed Combat
 O Level 27(26.2) Spellcasting
 O Level 27(26.2) Invocations


You had 80 spell levels left.
You didn't know any spells.

Dungeon Overview and Level Annotations

Branches:
Dungeon (1/1)

Altars:
Makhleb


Innate Abilities, Weirdness & Mutations

You have hooves in place of feet.
You are completely covered in rough black scales (AC +10, Dex -3).
Your flesh is cold resistant.
A meltable icy envelope protects you from harm (AC +0).
You resist negative energy.
You are somewhat able to resist unholy torments (1 in 2 success).
When hurt, damage is shared between your health and your magic reserves.
You regenerate magic rapidly.
When low on magic, you restore magic in place of health.
Your melee attacks sometimes drain vitality from your foes.
You are immune to freezing clouds.


Message History

You hear a shout! x2
The accursed casts a spell at you. Something smites you!
* * * LOW HITPOINT WARNING * * *
You hear a shout! x2
You hit the bag of meat.
You slaughter the bag of meat joyfully.
You kill the bag of meat!
Makhleb accepts your kill.
You feel a little better.
Your life force feels restored.
You hear a shout! x2
The accursed gestures at you while chanting.
Something smites you!
* * * LOW HITPOINT WARNING * * *
You hear a shout! x5
A bolt of negative energy appears from out of thin air!
The bolt of negative energy hits the bag of meat.
The bag of meat is drained!
The bolt of negative energy hits you! You partially resist.
You feel drained.
You die...

.......)))))...#...
.......).)%W.##...
...#...)))%.#.....
....%..)))..#...#
..##.#.))).......
......W)M)%......
##..%.#%....####.
O.........%....#..
.......)@.o....W..
##.......=.......#
################


You could see an accursed, 3 dreads, a meat berserker (berserk) and a bag of
meat.

Vanquished Creatures
  2 hell beasts (D)
  A greater mummy (D)
  12 vampire knights (D)
  23 ogres (D)
  A lich (D)
  60 orcs (D)
  6 hill giants (D)
  3 skeletal warriors (D)
  4 large abominations (D)
  2 small abominations (D)
  A soul eater (D)
  6 crawling corpses (D)
121 creatures vanquished.

Vanquished Creatures (others)
  2 small abominations (D)
  6 crawling corpses (D)
8 creatures vanquished.

Grand Total: 129 creatures vanquished

Notes
Turn   | Place    | Note
--------------------------------------------------------------
     0 | D        | namelastname112, the Demonspawn Monk, began the quest for the Orb.
     0 | D        | Reached XP level 1. HP: 18/18 MP: 1/1
     3 | D        | Noticed a bag of meat
     3 | D        | Noticed a bag of meat
     3 | D        | Noticed a bag of meat
     4 | D        | Became a worshipper of Makhleb the Destroyer
     4 | D        | Acquired Makhleb's first power
     4 | D        | Acquired Makhleb's second power
     5 | D        | Noticed a bag of meat
     6 | D        | Noticed a bag of meat
     7 | D        | Killed a bag of meat
     7 | D        | Reached skill level 13 in Fighting
     7 | D        | Reached skill level 5 in Stealth
     7 | D        | Reached skill level 19 in Unarmed Combat
     7 | D        | Gained mutation: You have large cloven feet. [demonic ancestry]
     7 | D        | Reached XP level 2. HP: 21/41 MP: 2/2
     7 | D        | Gained mutation: You have hoof-like feet. [demonic ancestry]
     7 | D        | Reached XP level 3. HP: 24/47 MP: 3/3
     7 | D        | Reached XP level 4. HP: 27/54 MP: 4/4
     7 | D        | Reached XP level 5. HP: 30/60 MP: 5/5
     7 | D        | Reached XP level 6. HP: 33/67 MP: 6/6
     7 | D        | Reached XP level 7. HP: 35/73 MP: 7/7
     7 | D        | Gained mutation: When hurt, damage is shared between your health and your magic reserves. [demonic ancestry]
     7 | D        | Reached XP level 8. HP: 38/80 MP: 8/8
     7 | D        | Gained mutation: You are partially covered in rough black scales (AC +4, Dex -1). [demonic ancestry]
     7 | D        | Reached XP level 9. HP: 40/86 MP: 9/9
     7 | D        | Reached XP level 10. HP: 43/93 MP: 10/10
     7 | D        | Reached XP level 11. HP: 45/99 MP: 11/11
     7 | D        | Killed a bag of meat
     7 | D        | Reached skill level 15 in Fighting
     7 | D        | Reached skill level 1 in Axes
     7 | D        | Reached skill level 21 in Unarmed Combat
     7 | D        | Gained mutation: You regenerate magic rapidly. [demonic ancestry]
     7 | D        | Reached XP level 12. HP: 105/111 MP: 12/12
     8 | D        | Noticed a bag of meat
     8 | D        | Noticed a bag of meat
     9 | D        | Noticed a bag of meat
     9 | D        | Noticed a bag of meat
     9 | D        | Killed a bag of meat
     9 | D        | Acquired Makhleb's third power
     9 | D        | Reached skill level 15 in Dodging
     9 | D        | Reached skill level 23 in Unarmed Combat
     9 | D        | Gained mutation: When low on magic, you restore magic in place of health. [demonic ancestry]
     9 | D        | Reached XP level 13. HP: 110/120 MP: 13/13
    10 | D        | Noticed a bag of meat
    10 | D        | Noticed a bag of meat
    10 | D        | Killed a bag of meat
    10 | D        | Reached skill level 24 in Unarmed Combat
    10 | D        | Gained mutation: You are mostly covered in rough black scales (AC +7, Dex -2). [demonic ancestry]
    10 | D        | Reached XP level 14. HP: 127/130 MP: 12/14
    11 | D        | Noticed a bag of meat
    11 | D        | Noticed a bag of meat
    11 | D        | Noticed a bag of meat
    11 | D        | Noticed a bag of meat
    11 | D        | Killed a bag of meat
    11 | D        | Acquired Makhleb's fourth power
    11 | D        | Reached skill level 5 in Axes
    11 | D        | Reached skill level 25 in Unarmed Combat
    12 | D        | Killed a bag of meat
    12 | D        | Reached skill level 26 in Unarmed Combat
    12 | D        | Reached XP level 15. HP: 116/141 MP: 7/15
    12 | D        | Killed a bag of meat
    12 | D        | Reached skill level 27 in Unarmed Combat
    12 | D        | Killed a bag of meat
    12 | D        | Killed a bag of meat
    12 | D        | Acquired Makhleb's fifth power
    12 | D        | Reached skill level 10 in Axes
    12 | D        | Gained mutation: Your flesh is cold resistant. [demonic ancestry]
    12 | D        | Reached XP level 16. HP: 155/159 MP: 7/16
    13 | D        | Noticed a bag of meat
    13 | D        | Killed a bag of meat
    13 | D        | Reached skill level 10 in Stealth
    14 | D        | Killed a bag of meat
    14 | D        | Killed a bag of meat
    14 | D        | Reached skill level 27 in Fighting
    14 | D        | Gained mutation: You are immune to freezing clouds. [demonic ancestry]
    14 | D        | Reached XP level 17. HP: 170/174 MP: 7/17
    15 | D        | Noticed a meat berserker
    15 | D        | Noticed a meat berserker
    15 | D        | Noticed a meat berserker
    16 | D        | Noticed a meat berserker
    16 | D        | Killed a bag of meat
    16 | D        | Reached skill level 15 in Axes
    16 | D        | Killed a bag of meat
    16 | D        | Killed a bag of meat
    16 | D        | Reached skill level 27 in Dodging
    17 | D        | Noticed a bag of meat
    18 | D        | Noticed a meat berserker
    18 | D        | Killed a meat berserker
    18 | D        | Gained mutation: A meltable icy envelope protects you from harm (AC +0). [demonic ancestry]
    18 | D        | Reached XP level 18. HP: 182/182 MP: 9/18
    18 | D        | Killed a meat berserker
    18 | D        | Reached skill level 27 in Axes
    19 | D        | Noticed a large bag of meat
    19 | D        | Noticed a meat berserker
    19 | D        | Killed a meat berserker
    19 | D        | Reached XP level 19. HP: 189/189 MP: 9/19
    19 | D        | Killed a meat berserker
    19 | D        | Reached skill level 27 in Stealth
    20 | D        | Noticed a meat berserker
    21 | D        | Noticed a bag of meat
    21 | D        | Noticed a large bag of meat
    21 | D        | Noticed a meat berserker
    21 | D        | Noticed a bag of meat
    22 | D        | Noticed a bag of meat
    22 | D        | Killed a meat berserker
    22 | D        | Killed a large bag of meat
    22 | D        | Reached skill level 15 in Invocations
    22 | D        | Gained mutation: You resist negative energy. [demonic ancestry]
    22 | D        | Reached XP level 20. HP: 197/197 MP: 9/35
    23 | D        | Noticed a bag of meat
    24 | D        | Noticed a meat berserker
    24 | D        | Noticed a bag of meat
    24 | D        | Noticed a bag of meat
    24 | D        | Noticed a destroyer
    24 | D        | Noticed a large bag of meat
    24 | D        | Killed a bag of meat
    25 | D        | Noticed a bag of meat
    25 | D        | Noticed a meat berserker
    26 | D        | Noticed a bag of meat
    26 | D        | Noticed a destroyer
    26 | D        | Killed a meat berserker
    26 | D        | Reached skill level 15 in Throwing
    26 | D        | Reached skill level 15 in Armour
    26 | D        | Reached skill level 15 in Spellcasting
    26 | D        | Killed a bag of meat
    26 | D        | Killed a destroyer
    26 | D        | Gained mutation: You are somewhat able to resist unholy torments (1 in 2 success). [demonic ancestry]
    26 | D        | Reached XP level 21. HP: 204/204 MP: 10/44
    26 | D        | Killed a large bag of meat
    26 | D        | Killed a meat berserker
    26 | D        | Reached skill level 27 in Invocations
    27 | D        | Noticed a bag of meat
    27 | D        | Noticed a destroyer
    27 | D        | Noticed a bag of meat
    27 | D        | Noticed a bag of meat
    27 | D        | Killed a meat berserker
    27 | D        | Killed a bag of meat
    27 | D        | Gained mutation: You have hooves in place of feet. [demonic ancestry]
    27 | D        | Reached XP level 22. HP: 212/212 MP: 9/50
    28 | D        | Noticed a meat berserker
    28 | D        | Noticed a meat berserker
    28 | D        | Noticed a destroyer
    28 | D        | Noticed a destroyer
    28 | D        | Noticed a destroyer
    29 | D        | Noticed a bag of meat
    29 | D        | Killed a meat berserker
    29 | D        | Killed a bag of meat
    29 | D        | Killed a bag of meat
    29 | D        | Reached skill level 27 in Throwing
    29 | D        | Killed a bag of meat
    29 | D        | Reached skill level 27 in Armour
    29 | D        | Reached skill level 27 in Spellcasting
    30 | D        | Killed a destroyer
    30 | D        | Reached XP level 23. HP: 219/219 MP: 9/54
    30 | D        | Killed a destroyer
    30 | D        | Killed a meat berserker
    31 | D        | Noticed a destroyer
    31 | D        | Noticed a meat berserker
    31 | D        | Killed a bag of meat
    31 | D        | Killed a destroyer
    31 | D        | Gained mutation: You are completely covered in rough black scales (AC +10, Dex -3). [demonic ancestry]
    31 | D        | Reached XP level 24. HP: 227/227 MP: 9/54
    32 | D        | Killed a bag of meat
    33 | D        | Noticed a large bag of meat
    33 | D        | Noticed a bag of meat
    33 | D        | Killed a destroyer
    33 | D        | Killed a bag of meat
    34 | D        | Noticed a bag of meat
    34 | D        | Noticed a bag of meat
    34 | D        | Killed a meat berserker
    34 | D        | Reached XP level 25. HP: 234/234 MP: 11/54
    34 | D        | Killed a destroyer
    34 | D        | Killed a large bag of meat
    35 | D        | Noticed a bag of meat
    35 | D        | Noticed a bag of meat
    35 | D        | Noticed a bag of meat
    35 | D        | Noticed a bag of meat
    35 | D        | Noticed a meat berserker
    35 | D        | Noticed a destroyer
    35 | D        | Killed a destroyer
    36 | D        | Noticed a sculptor of flesh
    36 | D        | Killed a meat berserker
    37 | D        | Noticed a bag of meat
    38 | D        | Killed a bag of meat
    38 | D        | Reached XP level 26. HP: 242/242 MP: 10/54
    39 | D        | Noticed a large bag of meat
    39 | D        | Killed a meat berserker
    39 | D        | Killed a bag of meat
    41 | D        | Noticed a destroyer
    41 | D        | Noticed a meat berserker
    41 | D        | Killed a meat berserker
    42 | D        | Killed a bag of meat
    42 | D        | Killed a bag of meat
    42 | D        | Killed a destroyer
    42 | D        | Gained mutation: Your melee attacks sometimes drain vitality from your foes. [demonic ancestry]
    42 | D        | Reached XP level 27. HP: 249/249 MP: 12/54
    43 | D        | Noticed a bag of meat
    43 | D        | Noticed a large bag of meat
    43 | D        | Killed a destroyer
    44 | D        | Killed a bag of meat
    44 | D        | Killed a bag of meat
    45 | D        | Noticed a meat berserker
    45 | D        | Noticed a bag of meat
    45 | D        | Noticed a bag of meat
    45 | D        | Noticed a bag of meat
    46 | D        | Noticed a bag of meat
    46 | D        | Noticed a bag of meat
    46 | D        | Killed a bag of meat
    46 | D        | Killed a large bag of meat
    47 | D        | Killed a meat berserker
    47 | D        | Killed a bag of meat
    48 | D        | Noticed a meat berserker
    48 | D        | Killed a bag of meat
    49 | D        | Noticed a sculptor of flesh
    49 | D        | Noticed an accursed
    49 | D        | Killed a large bag of meat
    49 | D        | Killed a large bag of meat
    50 | D        | Noticed a bag of meat
    50 | D        | Noticed a meat berserker
    50 | D        | Noticed a bag of meat
    50 | D        | Noticed a bag of meat
    50 | D        | Noticed a bag of meat
    51 | D        | Noticed a bag of meat
    51 | D        | Noticed a destroyer
    51 | D        | Noticed a bag of meat
    51 | D        | Noticed a bag of meat
    51 | D        | Noticed a bag of meat
    52 | D        | Noticed a sculptor of flesh
    52 | D        | Killed a bag of meat
    52 | D        | Killed a bag of meat
    52 | D        | Killed a bag of meat
    53 | D        | Noticed a destroyer
    53 | D        | Noticed a bag of meat
    53 | D        | Killed a meat berserker
    53 | D        | Killed a bag of meat
    53 | D        | Killed a meat berserker
    53 | D        | Noticed a tyrant
    54 | D        | Noticed a bag of meat
    54 | D        | Noticed a meat berserker
    54 | D        | Killed a meat berserker
    54 | D        | Killed a tyrant
    55 | D        | Noticed a bag of meat
    55 | D        | Noticed a bag of meat
    55 | D        | Noticed a destroyer
    55 | D        | Killed a bag of meat
    56 | D        | Killed a bag of meat
    56 | D        | Killed a sculptor of flesh
    56 | D        | Killed a destroyer
    56 | D        | Killed a bag of meat
    56 | D        | Killed a bag of meat
    57 | D        | Noticed a bag of meat
    57 | D        | Killed a bag of meat
    57 | D        | Killed a bag of meat
    57 | D        | Killed a bag of meat
    58 | D        | Noticed a meat beast
    58 | D        | Noticed a meat berserker
    58 | D        | Noticed a meat berserker
    58 | D        | Killed a bag of meat
    59 | D        | Killed a bag of meat
    59 | D        | Killed a destroyer
    60 | D        | Noticed an accursed
    60 | D        | Killed a meat beast
    60 | D        | Killed a bag of meat
    60 | D        | Killed a bag of meat
    60 | D        | Killed a meat berserker
    61 | D        | Noticed a bag of meat
    62 | D        | Noticed a bag of meat
    62 | D        | Noticed a meat beast
    62 | D        | Killed a bag of meat
    62 | D        | Killed a meat berserker
    62 | D        | Killed a bag of meat
    62 | D        | Killed a destroyer
    63 | D        | Noticed a bag of meat
    63 | D        | Killed a sculptor of flesh
    63 | D        | Killed a sculptor of flesh
    64 | D        | Noticed a meat berserker
    64 | D        | Killed a meat berserker
    64 | D        | Killed a bag of meat
    65 | D        | Killed a bag of meat
    66 | D        | Noticed a dread
    66 | D        | Noticed a meat berserker
    66 | D        | Killed a meat berserker
    66 | D        | Killed an accursed
    67 | D        | Killed a bag of meat
    67 | D        | Killed a meat beast
    68 | D        | Killed a bag of meat
    70 | D        | Noticed a bag of meat
    70 | D        | Noticed a bag of meat
    70 | D        | Killed a bag of meat
    70 | D        | Killed a bag of meat
    71 | D        | Killed a meat berserker
    71 | D        | Killed a bag of meat
    72 | D        | Killed a bag of meat
    72 | D        | Killed a bag of meat
    76 | D        | Noticed a dread
    77 | D        | Killed a bag of meat
    77 | D        | Killed from afar by a wretched soul

Action                   |  1- 3 |  4- 6 |  7- 9 | 10-12 | 13-15 | 16-18 | 19-21 | 22-24 | 25-27 || total
-------------------------+-------+-------+-------+-------+-------+-------+-------+-------+-------++-------
Melee: Executioner's axe |     1 |       |       |     1 |     3 |     5 |     4 |     6 |    32 ||    52
